 Dungeon Crawl Stone Soup version 0.22.0-49-gab54619 (webtiles) character file.

1490 jerryfan the Magician (level 8, -18/56 HPs)
             Began as a Demonspawn Wanderer on Sept 3, 2018.
             Was an Initiate of Vehumet.
             Demolished by an orc warrior
             ... wielding a +2 dire flail of holy wrath
              (25 damage)
             ... on level 6 of the Dungeon on Sept 4, 2018.
             The game lasted 00:35:58 (8144 turns).

jerryfan the Magician (Demonspawn Wanderer)         Turns: 8144, Time: 00:35:58

Health: -18/56     AC:  9    Str: 10    XL:     8   Next: 51%
Magic:  16/16      EV: 14    Int: 16    God:    Vehumet [......]
Gold:   252        SH:  0    Dex: 15    Spells: 3/17 levels left

rFire    + . .     SeeInvis .   x - +6 short sword "Plog" {freeze, MR+}
rCold    . . .     Gourm    .   (no shield)
rNeg     . . .     Faith    .   y - +2 animal skin
rPois    .         Spirit   .   (helmet restricted)
rElec    .         Reflect  .   (no cloak)
rCorr    .         Harm     .   A - +0 pair of gloves
MR       +....                  o - +0 pair of boots
Stlth    ++++......             (no amulet)
HPRegen  0.18/turn              l - ring of flight
MPRegen  0.15/turn              n - ring of wizardry

@: no status effects
A: antennae 1, icy blue scales 2, fire resistance 1, nightstalker 2
a: Renounce Religion, Evoke Flight


You were on level 6 of the Dungeon.
You worshipped Vehumet.
Vehumet was noncommittal.
You were hungry.

You visited 1 branch of the dungeon, and saw 6 of its levels.

You collected 252 gold pieces.

Inventory:

Hand Weapons
 e - a +0 dagger
 g - a +2 dagger of electrocution
 m - a +1 short sword of venom
 x - the +6 short sword "Plog" (weapon) {freeze, MR+}
   (You found it on level 5 of the Dungeon)

   It has been specially enchanted to freeze those struck by it, causing extra
   injury to most foes and up to half again as much damage against particularly
   susceptible opponents.
   It can also slow down cold-blooded creatures.
   It affects your resistance to hostile enchantments.
Missiles
 t - 3 tomahawks of returning (quivered)
 v - 7 tomahawks
Armour
 d - a +1 robe
 o - a +0 pair of boots (worn)
 y - a +2 animal skin (worn)
 A - a +0 pair of gloves (worn)
 D - a +0 troll leather armour {Purgy}
Jewellery
 c - an uncursed ring of fire
 l - a ring of flight (left hand)
 n - a ring of wizardry (right hand)
Wands
 u - a wand of iceblast (14)
 B - a wand of clouds (6)
Scrolls
 b - 2 scrolls of teleportation
 k - 2 scrolls of enchant armour
 q - a scroll of immolation {unknown}
 r - a scroll of remove curse {unknown}
 s - a scroll of magic mapping
 z - 2 scrolls of identify
Potions
 a - 2 potions of heal wounds
 h - a potion of lignification {unknown}
 i - a potion of curing
 j - a potion of agility
 p - a potion of might {unknown}
 w - 2 potions of cancellation {unknown}
 C - a potion of mutation {unknown}
Comestibles
 f - 11 rations


   Skills:
 - Level 2.0 Fighting
 + Level 3.2 Short Blades
 + Level 3.2 Throwing
 + Level 3.4 Dodging
 - Level 1.0 Stealth
 * Level 5.4 Spellcasting
 + Level 4.9 Conjurations
 + Level 2.5 Hexes
 + Level 2.6 Translocations
 - Level 1.2 Ice Magic
 - Level 1.0 Evocations


You had 3 spell levels left.
You knew the following spells:

 Your Spells              Type           Power        Failure   Level  Hunger
a - Magic Dart            Conj           ###.         1%          1    None
b - Freeze                Ice            #...         3%          1    None
c - Searing Ray           Conj           ###...       1%          2    #......
d - Dazzling Spray        Conj/Hex       ###...       4%          3    ###....
e - Force Lance           Conj/Tloc      ###.....     12%         4    ####...
f - Ozocubu's Armour      Chrm/Ice       #.......     14%         3    ###....

Your spell library contained the following spells:

 Spells                   Type           Power        Failure   Level  Hunger
 Iskenderun's Mystic Bla  Conj           ###.....     8%          4    ####...
 Fulminant Prism          Conj/Hex       ###.......   12%         4    ####...


Dungeon Overview and Level Annotations

Branches:
Dungeon (6/15)             Temple (0/1) D:5

Altars:
Fedhas
Gozag
Kikubaaqudgha
Makhleb
Qazlal
Trog
Vehumet
Yredelemnul
The Shining One

Annotations:
D:4 exclusion: downstairs
D:5 2 transporters, Menkaure


Innate Abilities, Weirdness & Mutations

You have a pair of small antennae on your head.
You are mostly covered in icy blue scales. (AC +3)
Your flesh is heat resistant. (rF+)
You are significantly more attuned to the shadows.


Message History

The orc wizard is almost dead.
The orc wizard gestures at you while chanting.
The magic dart hits you!
You closely miss the orc wizard.
The orc wizard is almost dead.
You puncture the orc warrior! You freeze the orc warrior.
The orc warrior is moderately wounded.
You hit the orc warrior but do no damage.
The orc warrior is moderately wounded.
The orc warrior misses you.
You hit the orc warrior but do no damage.
The orc warrior is moderately wounded.
The orc warrior hits you with a dire flail of holy wrath!
You convulse!
You hit the orc warrior but do no damage.
The orc warrior is moderately wounded.
The orc warrior hits you with a dire flail of holy wrath!!
* * * LOW HITPOINT WARNING * * *
You convulse!!
You die... ### # #...# ##.#. oo.

#o# #@# #.
#.##... ##
#...<.. ..###
#.##.#.
......###......
..._.........##
.........##.#..#
...♣.....##.#..).
............#.###


You could see an orc warrior and 2 orc wizards.

Vanquished Creatures
  Eustachio (D:4)
  Edmund (D:4)
  Purgy (D:3)
  A sky beast (D:5)
  An ice beast (D:4)
  A phantom (D:4)
  An ogre (D:5)
  A crimson imp (D:4)
  A bullfrog zombie (D:5)
  An orc priest (D:3)
  3 hounds
  3 orc wizards
  A jelly (D:5)
  Terence (D:3)
  2 iguanas
  8 worker ants
  Robin (D:4)
  3 gnolls
  5 adders
  An ooze (D:2)
  7 worms
  4 leopard geckos
  15 orcs
  3 ball pythons
  2 giant cockroaches
  15 goblins
  10 hobgoblins
  2 jackals (D:1)
  2 quokkas (D:2)
  6 bats
  10 frilled lizards
  11 kobolds
  4 rats
129 creatures vanquished.

Notes
Turn   | Place    | Note
-------+----------+-------------------------------------------
     0 | D:1      | jerryfan the Demonspawn Wanderer began the quest for the
                  | Orb.
     0 | D:1      | jerryfan set off with: a scroll of teleportation, a +0
                  | robe, a +0 dagger, a ration
     0 | D:1      | Reached XP level 1. HP: 16/16 MP: 3/3
     2 | D:1      | Learned a level 1 spell: Magic Dart
     4 | D:1      | Learned a level 1 spell: Freeze
   734 | D:1      | Gained mutation: You have a pair of small antennae on your
                  | head. [demonic ancestry]
   734 | D:1      | Reached XP level 2. HP: 22/22 MP: 1/5
   778 | D:1      | Learned a level 2 spell: Searing Ray
  1630 | D:1      | Gained mutation: Your flesh is heat resistant. (rF+)
                  | [demonic ancestry]
  1630 | D:1      | Reached XP level 3. HP: 27/27 MP: 6/6
  2064 | D:2      | Found a bloodstained altar of Trog.
  2082 | D:2      | Reached skill level 1 in Short Blades
  2447 | D:2      | Reached skill level 1 in Throwing
  2507 | D:2      | Learned a level 3 spell: Dazzling Spray
  2998 | D:2      | Gained mutation: You are partially covered in icy blue
                  | scales. (AC +2) [demonic ancestry]
  2998 | D:2      | Reached XP level 4. HP: 24/33 MP: 0/8
  3854 | D:3      | Reached skill level 3 in Spellcasting
  4002 | D:3      | Noticed Terence
  4110 | D:3      | Found a bloodstained altar of Trog.
  4350 | D:3      | Noticed Purgy
  4465 | D:3      | Gained mutation: You are mostly covered in icy blue scales.
                  | (AC +3) [demonic ancestry]
  4465 | D:3      | Reached XP level 5. HP: 23/38 MP: 1/9
  4615 | D:3      | Reached skill level 1 in Ice Magic
  5074 | D:4      | Found a burning altar of Makhleb.
  5203 | D:4      | Noticed Robin
  5243 | D:4      | Killed Robin
  5346 | D:4      | Learned a level 4 spell: Force Lance
  5365 | D:4      | Gained mutation: You are slightly more attuned to the
                  | shadows. [demonic ancestry]
  5365 | D:4      | Reached XP level 6. HP: 44/44 MP: 4/11
  5377 | D:4      | Noticed Edmund
  5698 | D:4      | Noticed Eustachio
  5759 | D:3      | Killed Terence
  5759 | D:3      | Reached skill level 4 in Spellcasting
  5884 | D:3      | Killed Purgy
  5884 | D:3      | Reached skill level 1 in Translocations
  5884 | D:3      | Gained mutation: You are significantly more attuned to the
                  | shadows. [demonic ancestry]
  5884 | D:3      | Reached XP level 7. HP: 50/50 MP: 4/13
  6048 | D:4      | HP: 2/50 [Edmund/dire flail of venom (4)]
  6060 | D:4      | Killed Edmund
  6060 | D:4      | Reached skill level 1 in Hexes
  6238 | D:4      | Killed Eustachio
  6335 | D:4      | Found a burning altar of Makhleb.
  6336 | D:4      | Found a radiant altar of Vehumet.
  6351 | D:4      | Became a worshipper of Vehumet
  6451 | D:4      | Found an opulent altar of Gozag.
  6495 | D:5      | Entered Level 5 of the Dungeon
  6835 | D:5      | Reached XP level 8. HP: 37/56 MP: 11/15
  6852 | D:4      | HP: 2/56 [ice beast (8)]
  6863 | D:4      | HP: 2/56 [orc/dagger (2)]
  6948 | D:5      | Reached skill level 5 in Spellcasting
  6957 | D:5      | Learned a level 3 spell: Ozocubu's Armour
  7179 | D:5      | Got a polished short sword
  7180 | D:5      | Identified the +6 short sword "Plog" {freeze, MR+} (You
                  | found it on level 5 of the Dungeon)
  7502 | D:5      | Found a staircase to the Ecumenical Temple.
  7572 | D:5      | Found a stormy altar of Qazlal.
  7738 | D:5      | Found a basalt altar of Yredelemnul.
  7740 | D:5      | Noticed Menkaure
  7761 | D:5      | Found a transporter.
  7766 | D:5      | Found a transporter.
  7784 | D:5      | Found an ancient bone altar of Kikubaaqudgha.
  8124 | D:6      | Found a blossoming altar of Fedhas.
  8126 | D:6      | Found a glowing golden altar of the Shining One.
  8144 | D:6      | Demolished by an orc warrior

Skill      XL: |  1  2  3  4  5  6  7  8 |
---------------+-------------------------+-----
Short Blades   | 1 2 3 |  3.2
Throwing       | 1 2 3 |  3.2
Spellcasting   | 3 4 5 |  5.4
Ice Magic      | 1 |  1.2
Dodging        | 2 3 |  3.4
Conjurations   | 4 |  4.9
Translocations | 1 2 |  2.6
Hexes          | 1 2 |  2.5
Fighting       | |  2.0
Stealth        | |  1.0
Evocations     | |  1.0

Action                   |  1- 3 |  4- 6 |  7- 9 || total
-------------------------+-------+-------+-------++-------
Melee: Dagger            |    87 |   112 |   105 ||   304
       Short sword       |       |       |    57 ||    57
Throw: Tomahawk          |       |     2 |       ||     2
 Cast: Magic Dart        |    72 |    91 |    15 ||   178
       Searing Ray       |     1 |     4 |     2 ||     7
       Dazzling Spray    |       |     2 |    10 ||    12
       Ozocubu's Armour  |       |       |     2 ||     2
       Force Lance       |       |       |     2 ||     2
  Use: Scroll            |     6 |     3 |     1 ||    10
       Potion            |       |       |     6 ||     6
 Stab: Distracted        |     1 |       |       ||     1
       Sleeping          |     1 |     2 |     5 ||     8
       Invisible         |       |     1 |       ||     1
  Eat: Chunk             |     8 |    10 |     8 ||    26
Armor: Robe              |     4 |    20 |       ||    24
       Animal skin       |       |    21 |    52 ||    73
Dodge: Dodged            |    45 |    65 |   105 ||   215
